 Dungeon Crawl Stone Soup version 0.27.0-1-g7a089689b8 (webtiles) character file.

Game seed: 1519413337332229206

9921 Acheron the Grappler (level 11, -6/100 HPs)
             Began as a Troll Conjurer on Aug 1, 2021.
             Mangled by a four-headed hydra (9 damage)
             ... on level 3 of the Lair of Beasts.
             The game lasted 01:32:09 (8236 turns).

Acheron the Grappler (Troll Conjurer)               Turns: 8236, Time: 01:32:11

Health: -6/100     AC:  7    Str: 17    XL:     11   Next: 29%
Magic:  24/24      EV: 11    Int: 14    God:
Gold:   328        SH:  5    Dex: 11    Spells: 6/17 levels left

rFire    . . .     SeeInvis .   u - +4 flail (venom)
rCold    . . .     Faith    .   (no shield)
rNeg     . . .     Spirit   .   y - +2 robe
rPois    .         Reflect  +   (helmet restricted)
rElec    .         Harm     .   F - +0 cloak
rCorr    .         Rampage  .   (gloves unavailable)
Will     .....                  (boots unavailable)
Stlth    ++........             b - amulet of reflection
HPRegen  1.26/turn              E - ring of magical power
MPRegen  0.19/turn              (no ring)

@: no status effects
A: large, unfitting armour, claws 3, regeneration 1, shaggy fur 1, tough skin 1
a: no special abilities


You were on level 3 of the Lair of Beasts.
You visited 2 branches of the dungeon, and saw 15 of its levels.

You collected 328 gold pieces.

Inventory:

Hand Weapons
 a - the +9 falchion "Gumiug" {freeze, rN+ Int-2 Dex+6}
   (You took it off a goblin on level 8 of the Dungeon)

   It freezes those it strikes, dealing additional cold damage.
   It can also slow down cold-blooded creatures.
   Int:       It affects your intelligence (-2).
   Dex:       It affects your dexterity (+6).
   rN:        It protects you from negative energy.
 i - a +2 dagger of draining
 n - a +4 spear
 u - a +4 flail of venom (weapon)
 w - a +0 whip of flaming
 B - a +0 war axe
Missiles
 m - 40 sling bullets
 C - 5 datura-tipped darts
Armour
 l - a scarf of invisibility
 y - a +2 robe (worn)
 F - a +0 cloak (worn)
Jewellery
 b - an amulet of reflection (around neck)
 r - a ring of fire
 x - an amulet of the acrobat
 E - a ring of magical power (left claw)
Wands
 f - a wand of iceblast (21)
 h - a wand of flame (28)
 v - a wand of polymorph (13)
Scrolls
 e - 3 scrolls of amnesia
 k - a scroll of torment
 o - a scroll of magic mapping
Potions
 c - 2 potions of ambrosia
 p - a potion of mutation
 s - a potion of degeneration {unknown}
 t - a potion of resistance
 z - a potion of attraction {unknown}
 D - a potion of berserk rage {unknown}


   Skills:
 * Level 4.2 Fighting
 * Level 1.5 Long Blades
 * Level 5.4 Dodging
 + Level 3.5 Stealth
 + Level 3.1 Shields
 * Level 9.6 Unarmed Combat
 + Level 3.5 Spellcasting
 * Level 4.8 Conjurations
 * Level 3.8 Summonings
 * Level 3.5 Evocations


You had 6 spell levels left.
You knew the following spells:

 Your Spells              Type           Power      Damage    Failure   Level
a - Magic Dart            Conj           60%        1d6       2%          1
b - Searing Ray           Conj           30%        3d4       4%          2
c - Summon Small Mammal   Summ           52%        N/A       4%          1
d - Dazzling Flash        Conj/Hex       18%        N/A       22%         3
e - Call Canine Familiar  Summ           13%        N/A       12%         3
f - Foxfire               Conj/Fire      36%        2x1d5     8%          1

Your spell library contained the following spells:

 Spells                   Type           Power      Damage    Failure   Level
 Conjure Flame            Conj/Fire      9%         6-21      22%         3
 Summon Guardian Golem    Hex/Summ       7%         N/A       28%         3
 Inner Flame              Hex/Fire       2%         N/A       52%         3
 Fulminant Prism          Conj/Hex       4%         3d6       58%         4
 Iskenderun's Mystic Bla  Conj/Tloc      9%         2d4       58%         4
 Petrify                  Tmut/Erth      2%         N/A       90%         4
 Borgnjor's Vile Clutch   Necr/Erth      1%         N/A       99%         5
 Shatter                  Erth           1%         3d5*      100%        9


Dungeon Overview and Level Annotations

Branches:
Dungeon (9/15)               Lair (6/6) D:8
 Temple: D:4-7        Swamp: Lair:2-4    Shoals: Lair:2-4     Snake: Lair:2-4
 Spider: Lair:2-4     Slime: Lair:5-6       Orc: D:9-12

Altars:
Elyvilon
Fedhas
Nemelex Xobeh
Vehumet
Wu Jian
The Shining One

Annotations:
D:3 exclusion: downstairs
D:4 exclusion: downstairs, Ijyb, Sigmund
D:5 exclusion: downstairs
D:8 exclusion: downstairs
D:9 Grum
Lair:1 exclusions: 2 downstairs and oklob plant
Lair:3 Fannar


Innate Abilities, Weirdness & Mutations

You are too large for most types of armour.
You have claws for hands.
Your natural rate of healing is unusually fast.
You are covered in fur. (AC +1)
You have tough skin. (AC +1)


Message History

The four-headed hydra is heavily wounded.
The four-headed hydra closely misses you. x2
The four-headed hydra bites you! The four-headed hydra misses you.
You sock the four-headed hydra!
The four-headed hydra is severely wounded.
You block the four-headed hydra's attack. x2
The four-headed hydra barely misses you.
The four-headed hydra bites you.
You completely miss the four-headed hydra.
The four-headed hydra is severely wounded.
The four-headed hydra bites you. x2
* * * LOW HITPOINT WARNING * * *
You block the four-headed hydra's attack.
The four-headed hydra closely misses you.
The four-headed hydra bites you but does no damage.
You block the four-headed hydra's attack.
The four-headed hydra barely misses you.
The four-headed hydra bites you!
* * * LOW HITPOINT WARNING * * *
You sock the four-headed hydra!
The four-headed hydra looks as sick as possible!
The four-headed hydra is almost dead.
The four-headed hydra closely misses you.
The four-headed hydra bites you but does no damage.
You block the four-headed hydra's attack.
The four-headed hydra bites you.
* * * LOW HITPOINT WARNING * * *
You barely miss the four-headed hydra.
The four-headed hydra is almost dead.
The four-headed hydra closely misses you.
The four-headed hydra bites you!
* * * LOW HITPOINT WARNING * * *
The four-headed hydra bites you!
* * * LOW HITPOINT WARNING * * *
The four-headed hydra barely misses you.
The four-headed hydra bites you but does no damage.
The four-headed hydra barely misses you.
The four-headed hydra closely misses you.
The four-headed hydra bites you!
You die...

......P.P.#..#
#............# ...
#............## ....
##............P# ...
#..............#
#.###.............# ≈≈
#...........D....#
..####..........@.....#
...........#.##.......#
...........####..#....#
...........# #..###..#
...........####..##...#
...........##........ #
.....................
.....................
..................#.P


You could see a four-headed hydra (extremely poisoned).

Vanquished Creatures
  Pikel (D:8)
  A cane toad (Lair:1)
  Psyche (D:8)
  A rime drake (Lair:2)
  4 komodo dragons
  A queen bee (Lair:2)
  5 blink frogs
  3 wyverns (D:8)
  9 yaks
  3 basilisks
  2 steam dragons (D:8)
  Edmund (D:6)
  An acid dragon (D:8)
  5 water moccasins
  5 sky beasts
  An orc warrior (D:7)
  A necrophage (Lair:1)
  2 black bears
  2 ogres
  4 wolves
  5 centaurs
  A kobold brigand (D:8)
  7 bullfrogs
  4 scorpions
  9 killer bees (Lair:2)
  A centaur zombie (D:6)
  2 hounds
  2 orc priests (D:7)
  A jelly (D:8)
  3 centaur skeletons
  4 orc wizards
  A hound skeleton (D:5)
  Robin (D:4)
  A howler monkey zombie (D:7)
  4 adders
  A shadow imp (D:6)
  An ufetubus (D:4)
  An adder skeleton (D:4)
  2 dart slugs
  A worm (D:2)
  21 orcs
  2 ball pythons (D:1)
  6 bats
  5 endoplasms
  6 giant cockroaches
  14 goblins
  8 hobgoblins
  10 jackals
  9 kobolds
  6 quokkas
  2 frilled lizards
  7 rats
201 creatures vanquished.

Vanquished Creatures (others)
  8 fungi
  8 plants
16 creatures vanquished.

Grand Total: 217 creatures vanquished

Notes
Turn   | Place    | Note
-------+----------+-------------------------------------------
     0 | D:1      | Acheron the Troll Conjurer began the quest for the Orb.
     0 | D:1      | Reached XP level 1. HP: 16/16 MP: 1/1
    62 | D:1      | Reached XP level 2. HP: 24/24 MP: 2/2
   317 | D:1      | Reached skill level 1 in Unarmed Combat
   337 | D:1      | Reached XP level 3. HP: 32/32 MP: 4/4
   409 | D:1      | Learned a level 2 spell: Searing Ray
   411 | D:1      | Learned a level 1 spell: Summon Small Mammal
   848 | D:2      | Reached skill level 2 in Unarmed Combat
   848 | D:2      | Reached XP level 4. HP: 28/40 MP: 5/5
  1270 | D:4      | Noticed Sigmund
  1370 | D:3      | Noticed a scorpion
  1380 | D:3      | Killed a scorpion
  1381 | D:3      | Reached skill level 1 in Fighting
  1381 | D:3      | Reached skill level 3 in Unarmed Combat
  1381 | D:3      | Reached XP level 5. HP: 41/48 MP: 6/6
  1861 | D:5      | Entered Level 5 of the Dungeon
  1942 | D:4      | Found a sparkling altar of Nemelex Xobeh.
  1974 | D:4      | Noticed Robin
  2021 | D:4      | Killed Robin
  2160 | D:4      | Noticed an ogre
  2169 | D:4      | Killed an ogre
  2170 | D:4      | Reached XP level 6. HP: 52/55 MP: 1/7
  2385 | D:4      | Noticed Ijyb
  2459 | D:5      | Found a blossoming altar of Fedhas.
  2503 | D:5      | Reached skill level 4 in Unarmed Combat
  2532 | D:5      | Reached skill level 1 in Summonings
  2532 | D:5      | Reached XP level 7. HP: 53/62 MP: 8/8
  2852 | D:6      | Noticed Edmund
  2873 | D:6      | Killed Edmund
  2874 | D:6      | Reached skill level 1 in Shields
  2874 | D:6      | Reached skill level 5 in Unarmed Combat
  3505 | D:7      | Reached skill level 1 in Evocations
  3505 | D:7      | Reached XP level 8. HP: 61/72 MP: 10/10
  3817 | D:9      | Noticed Grum
  3842 | D:8      | Reached skill level 6 in Unarmed Combat
  3871 | D:9      | Noticed a two-headed ogre
  3972 | D:8      | Found an ornate altar of the Wu Jian Council.
  4078 | D:9      | Found a glowing golden altar of the Shining One.
  4170 | D:8      | Noticed Pikel
  4194 | D:8      | Killed Pikel
  4195 | D:8      | Reached XP level 9. HP: 54/80 MP: 1/11
  4396 | D:8      | Reached skill level 7 in Unarmed Combat
  4396 | D:8      | Noticed Psyche
  4595 | D:8      | Killed Psyche
  4679 | D:8      | Identified the +9 falchion "Gumiug" {freeze, rN+ Int-2
                  | Dex+6}
  4682 | D:8      | Found a radiant altar of Vehumet.
  4748 | D:7      | Got the Tome of the Mountains
  4753 | D:7      | Learned a level 3 spell: Dazzling Flash
  5024 | D:7      | Reached skill level 8 in Unarmed Combat
  5239 | D:8      | Found a white marble altar of Elyvilon.
  5486 | D:8      | Noticed a komodo dragon
  5498 | D:8      | Killed a komodo dragon
  5499 | D:8      | Reached XP level 10. HP: 62/91 MP: 8/13
  5676 | D:8      | Found a staircase to the Lair.
  5738 | Lair:1   | Entered Level 1 of the Lair of Beasts
  5918 | D:8      | Learned a level 3 spell: Call Canine Familiar
  6092 | D:8      | Reached skill level 9 in Unarmed Combat
  6428 | Lair:1   | Noticed a cane toad
  6442 | Lair:1   | Killed a cane toad
  6443 | Lair:1   | Reached skill level 5 in Dodging
  6841 | Lair:1   | Noticed an oklob plant
  7244 | Lair:1   | Noticed a six-headed hydra
  7267 | Lair:2   | Reached skill level 1 in Long Blades
  7351 | Lair:2   | Reached XP level 11. HP: 100/100 MP: 15/15
  7525 | Lair:6   | Entered Level 6 of the Lair of Beasts
  7525 | Lair:6   | Noticed an eight-headed hydra
  7650 | Lair:6   | Learned a level 1 spell: Foxfire
  7794 | Lair:3   | Noticed Fannar
  7965 | Lair:3   | Noticed a four-headed hydra
  8075 | Lair:2   | HP: 3/100 [killer bee (4)]
  8086 | Lair:2   | HP: 5/100 [killer bee (1)]
  8095 | Lair:2   | HP: 5/100 [killer bee (7)]
  8236 | Lair:3   | HP: 3/100 [four-headed hydra (10)]
  8236 | Lair:3   | Mangled by a four-headed hydra

Illustrated notes

Levels and vault maps discovered:
D:1:      minmay_arrival_floating_metal, layout_loops_cross,
          hangedman_decor_lopped, minmay_tromino_i4
D:2:      layout_rooms, basic_altar
D:3:      layout_loops_corners, gup_sewer_entry_pipe, minmay_liquid_box,
          serial_bayou_crossing
D:4:      layout_loops_cross, nemelex_dance_club_becter, uniq_robin,
          uniq_sigmund, uniq_ijyb
D:5:      layout_basic, fedhas_bush_and_centaur_altar
D:6:      layout_cave_pools, serial_shops, nicolae_shop_behind_doors,
          uniq_menkaure, uniq_edmund, uniq_crazy_yiuf_cottage, uniq_eustachio
D:7:      layout_loops_ring, minmay_temple_entry_offerings, st_stairs_4
D:8:      cheibrodos_steamvent, layout_rooms, nicolae_elyvilon_temple_path,
          vehumet_altar_wand_db, nicolae_wu_jian_immortal_techniques,
          erik_lair_dragon, uniq_pikel, uniq_psyche
D:9:      layout_stronghold, nicolae_tso_carved_into_rock,
          mainiacjoe_overflow_catwalk, uniq_grum, uniq_joseph
Lair:1:   layout_layer_cave, serial_bayou_shore_a, minmay_lair_oklob_chamber,
          grunt_megastairs_4
Lair:2:   layout_roguey, spider_nest_entry_funnel_web, special_room
          [special_room_bee], roderic_carrion_pond
Lair:3:   gammafunk_boulding_lane, layout_small_grid, gauntlet_entry_generic,
          chequers_serial_rivers_micro_a, uniq_fannar
Lair:4:   layout_gridlike, elwin_shoals_entry_rocks, minmay_hedge_maze
Lair:5:   layout_cave_pods, minmay_slime_entry_oklob_open,
          gammafunk_ghost_cemetery, serial_bayou_shore_b, serial_bayou_shore_b
Lair:6:   evil_forest, layout_regular_city, lemuel_fruit_fields,
          infiniplex_staircase_pool, uniq_nessos

Skill      XL: |  1  2  3  4  5  6  7  8  9 10 11 |
---------------+----------------------------------+-----
Conjurations   | 3 4 |  4.8
Unarmed Combat | 1 2 3 4 5 6 8 9 |  9.6
Dodging        | 2 3 4 5 |  5.4
Fighting       | 1 2 3 4 |  4.2
Summonings     | 1 2 3 |  3.8
Shields        | 1 2 3 |  3.1
Spellcasting   | 2 3 |  3.5
Stealth        | 2 3 |  3.5
Evocations     | 1 2 3 |  3.5
Long Blades    | 1 |  1.5

Action                   |  1- 3 |  4- 6 |  7- 9 | 10-12 || total
-------------------------+-------+-------+-------+-------++-------
Melee: Unarmed           |   119 |   214 |   211 |   188 ||   732
       Punch             |       |     3 |     5 |     7 ||    15
       Flail             |       |       |       |     5 ||     5
 Cast: Searing Ray       |       |     1 |    21 |    43 ||    65
       Magic Dart        |       |       |     5 |    11 ||    16
       Summon Small Mamm |       |       |     6 |    19 ||    25
Evoke: Wand              |       |       |     2 |     8 ||    10
  Use: Scroll            |     4 |     4 |     6 |     7 ||    21
       Potion            |       |       |     2 |     9 ||    11
 Stab: Sleeping          |       |     3 |       |     1 ||     4
       Distracted        |       |       |     1 |       ||     1
Armor: Robe              |    41 |    57 |    60 |    71 ||   229
Dodge: Dodged            |    59 |    68 |   104 |   150 ||   381
Block: Other             |       |    31 |    48 |    72 ||   151
       Reflection        |       |       |     2 |     1 ||     3
